 Dungeon Crawl Stone Soup version 0.27.1-34-g3ba077fa99 (webtiles) character file.

Game seed: 16379970520484516095

6149 mcbry74 the Spear-Bearer (level 10, -1/76 HPs)
             Began as a Merfolk Gladiator on Jan 24, 2022.
             Was an Elder of Okawaru.
             Shot with an arrow by a centaur warrior (18 damage)
             ... on level 9 of the Dungeon.
             The game lasted 00:51:47 (12862 turns).

mcbry74 the Spear-Bearer (Merfolk Gladiator)       Turns: 12862, Time: 00:51:48

Health: -1/76      AC:  7    Str: 15    XL:     10   Next: 90%
Magic:  14/14      EV: 16    Int: 11    God:    Okawaru [****..]
Gold:   198        SH:  5    Dex: 15    Spells: 9/9 levels left

rFire    . . .     SeeInvis .   e - +1 trident (venom)
rCold    . . .     Faith    .   w - +0 buckler
rNeg     . . .     Spirit   .   Q - +0 steam dragon scales
rPois    .         Reflect  .   B - +2 hat
rElec    .         Harm     .   I - scarf {+Inv}
rCorr    .         Rampage  .   (no gloves)
Will     .....                  (no boots)
Stlth    +.........             (no amulet)
HPRegen  0.22/turn              (no ring)
MPRegen  0.14/turn              (no ring)

@: no status effects
A: (nimble swimmer 2), mertail
a: Renounce Religion, Evoke Invisibility, Heroism


You were on level 9 of the Dungeon.
You worshipped Okawaru.
Okawaru was greatly pleased with you.
You visited 2 branches of the dungeon, and saw 10 of its levels.

You collected 612 gold pieces.
You spent 414 gold pieces at shops.

Inventory:

Hand Weapons
 a - a +0 trident
 e - a +1 trident of venom (weapon)
 A - a +0 hunting sling
Missiles
 d - a throwing net
 f - 215 stones
 n - 16 boomerangs
 p - 90 sling bullets
 r - 7 javelins
 y - 20 poisoned darts (quivered)
Armour
 b - a +0 leather armour
 c - a +0 helmet
 t - a +0 helmet
 w - a +0 buckler (worn)
 B - a +2 hat (worn)
 I - a scarf of invisibility (worn)
 N - the +0 scale mail "Igukiodwir" {Str-5 Dex+4}
   (You bought it in a shop on level 5 of the Dungeon)

   Str:       It affects your strength (-5).
   Dex:       It affects your dexterity (+4).
 Q - +0 steam dragon scales (worn)
Magical Staves
 G - a staff of poison
 O - a staff of cold
Jewellery
 D - a ring of fire
Wands
 g - a wand of paralysis (19)
 k - a wand of acid (8)
 q - a wand of mindburst (7)
 P - a wand of charming (8)
Scrolls
 h - a scroll of immolation
 l - 6 scrolls of identify
 m - 2 scrolls of amnesia
 o - 2 scrolls of noise
 s - a scroll of fog
 u - a scroll of blinking
 v - 4 scrolls of teleportation
 z - 2 scrolls of magic mapping
 E - a scroll of fear
Potions
 i - 3 potions of heal wounds {unknown}
 j - a potion of invisibility {unknown}
 x - a potion of degeneration {unknown}
 C - a potion of mutation {unknown}
 F - 2 potions of attraction {unknown}
 H - 2 potions of might {unknown}
 J - 5 potions of curing {unknown}
 K - a potion of berserk rage {unknown}
 L - a potion of brilliance {unknown}
 M - 2 potions of cancellation {unknown}


   Skills:
 + Level 6.2 Fighting
 + Level 13.8 Polearms
 + Level 5.8 Throwing
 + Level 8.2 Dodging
 - Level 4.0 Shields
 + Level 5.5 Invocations
 + Level 5.3 Evocations


You had 9 spell levels left.
You didn't know any spells.
Your spell library contained the following spells:

 Spells                   Type           Power      Damage    Failure   Level
 Corona                   Hex            0%         N/A       34%         1
 Ensorcelled Hibernation  Hex/Ice        0%         N/A       47%         2
 Gell's Gravitas          Tloc           0%         N/A       71%         3
 Stone Arrow              Conj/Erth      0%         3d7       71%         3
 Teleport Other           Tloc           0%         N/A       71%         3
 Tukima's Dance           Hex            0%         N/A       71%         3
 Animate Armour           Summ/Erth      0%         N/A       98%         4
 Dispersal                Tloc           0%         N/A       100%        6
 Lehudib's Crystal Spear  Conj/Erth      0%         10d2      100%        8


Dungeon Overview and Level Annotations

Branches:
Dungeon (9/15)             Temple (1/1) D:5
   Lair: D:8-11         Orc: D:9-12

Altars:
Ashenzari
Cheibriados
Dithmenos
Elyvilon
Fedhas
Gozag
Hepliaklqana
Kikubaaqudgha
Makhleb
Nemelex Xobeh
Okawaru
Qazlal
Ru
Sif Muna
Trog
Uskayaw
Vehumet
Wu Jian
Xom
Yredelemnul
Zin

Shops:
D:4 ?   D:5 *


Innate Abilities, Weirdness & Mutations

((You are quick and stealthy near water. (Stealth+, EV+, Speed+++)))
Your lower body shifts to a powerful aquatic tail in water.


Message History

The yak gores you!
You hit the yak but do no damage.
The yak looks as sick as possible!
The yak is heavily wounded.
You puncture the yak!
The yak looks as sick as possible!
The yak is almost dead.
The yak closely misses you.
You hit the yak.
The yak looks as sick as possible!
The yak is almost dead.
You kill the yak!
Okawaru accepts your kill.
You see here a yak corpse.
You start resting.
A centaur warrior is nearby!
You reach to attack!
You hit the centaur warrior.
The centaur warrior is poisoned.
The centaur warrior is lightly wounded.
The centaur warrior wields a +0 longbow.
The centaur warrior shoots an arrow.
The arrow misses you.
You reach to attack!
You hit the centaur warrior but do no damage.
The centaur warrior looks as sick as possible!
The centaur warrior is lightly wounded.
You reach to attack!
You puncture the centaur warrior!
The centaur warrior looks as sick as possible!
The centaur warrior is moderately wounded.
The centaur warrior shoots an arrow.
The arrow hits you!
The centaur warrior shoots an arrow.
The arrow hits you!!
The centaur warrior shoots an arrow.
You block the arrow.
Aiming: Paralyse
Press: ? - help, Shift-Dir - straight line, f/p - centaur warrior
Aim: a centaur warrior, wielding a +0 longbow and quivering arrows (heavily wounded, extremely poisoned, chance to affect: 44%)
The centaur warrior resists with some effort.
The centaur warrior shoots an arrow.
The arrow hits you!
* * * LOW HITPOINT WARNING * * *
Blink to where?
Press: ? - help, Dir - move target, p - centaur warrior
As you read the scroll of blinking, it crumbles to dust.
The centaur warrior shoots an arrow.
You block the arrow.
The centaur warrior shoots an arrow.
The arrow hits you!!
You die...

###(# #.#####.# #.#######.###
.##.## #.# ##^## ###.#######.#
.#...# #.# #...# #.........#.#
.##.####.####...# #.#.#####.#.#
...ยงรท..<.c......###.#...#
#.#.#
..#>####.#..........###.###.#.#
c........#................#.#(#
....######..........#.....#.#.#
..### ####...@.............#
..## #...###.#)....#.### ...#
#...# #...)[....# ...######
##### #####<#.### ........#
#.#.## .#....Y.# #....#####
#######.# #........# #...#
##...###.# #.#.# ##.## #.#


You could see a centaur warrior (very poisoned).

Vanquished Creatures
  Erolcha (D:9)
  The ghost of Jazqba the Skirmisher, a novice HOHu of Nemelex Xobeh (D:6)
  A hornet (D:9)
  A wyvern (D:9)
  The ghost of Jazqba the Skirmisher, an amateur HONe of Beogh (D:4)
  6 yaks (D:9)
  2 steam dragons
  2 water moccasins
  An acid dragon (D:8)
  A hornet zombie (D:8)
  2 orc warriors
  2 sky beasts
  2 black bears
  3 ice beasts
  An ogre (D:6)
  2 centaurs (D:9)
  3 phantoms
  A scorpion (D:5)
  A water moccasin zombie (D:6)
  9 killer bees
  A howler monkey (D:9)
  3 centaur zombies
  3 bullfrog zombies
  A jelly (D:3)
  2 bullfrog skeletons
  2 orc priests
  Jessica (D:3)
  4 orc wizards
  An iguana (D:6)
  A bullfrog simulacrum (D:4)
  2 howler monkey skeletons
  4 gnolls
  10 adders
  A shadow imp (D:5)
  A howler monkey simulacrum (D:4)
  4 white imps
  2 ufetubi (D:6)
  An adder skeleton (D:4)
  3 worms
  A dart slug (D:4)
  An adder simulacrum (D:4)
  28 orcs
  4 bats
  3 endoplasms
  6 giant cockroaches
  9 goblins
  10 hobgoblins
  A quokka (D:2)
  4 ball pythons
  3 frilled lizards
  A jackal simulacrum (D:4)
  6 kobolds
  2 rats (D:2)
169 creatures vanquished.

Notes
Turn   | Place    | Note
-------+----------+-------------------------------------------
     0 | D:1      | mcbry74 the Merfolk Gladiator began the quest for the Orb.
     0 | D:1      | Reached XP level 1. HP: 16/16 MP: 1/1
   214 | D:1      | Reached skill level 5 in Polearms
   217 | D:1      | Reached XP level 2. HP: 20/22 MP: 2/2
   640 | D:1      | Reached skill level 6 in Polearms
   640 | D:1      | Reached XP level 3. HP: 27/27 MP: 3/3
   973 | D:2      | Found a faded altar of an unknown god.
  1152 | D:2      | Reached XP level 4. HP: 32/33 MP: 4/4
  1162 | D:2      | Reached skill level 7 in Polearms
  1628 | D:3      | Noticed a sky beast
  1643 | D:3      | Killed a sky beast
  1644 | D:3      | Reached skill level 8 in Polearms
  1644 | D:3      | Reached XP level 5. HP: 30/38 MP: 5/5
  1824 | D:3      | Reached skill level 9 in Polearms
  2004 | D:3      | Reached XP level 6. HP: 35/44 MP: 6/6
  2317 | D:3      | Noticed Jessica
  2333 | D:3      | Killed Jessica
  2635 | D:3      | Reached skill level 10 in Polearms
  3108 | D:4      | Noticed Jazqba's ghost (amateur HONe)
  3192 | D:4      | Found a runed translucent gate.
  3192 | D:4      | Found a runed translucent gate.
  3192 | D:4      | Found a runed translucent gate.
  3352 | D:4      | Found Icherob's Magic Scroll Emporium.
  3405 | D:4      | Bought a scroll of blinking for 82 gold pieces
  3405 | D:4      | Bought a scroll of teleportation for 33 gold pieces
  3405 | D:4      | Bought a scroll of magic mapping for 38 gold pieces
  3447 | D:4      | Reached skill level 11 in Polearms
  3447 | D:4      | Reached XP level 7. HP: 20/50 MP: 7/7
  4473 | D:4      | Killed Jazqba's ghost
  4474 | D:4      | Reached skill level 12 in Polearms
  4675 | D:5      | Entered Level 5 of the Dungeon
  4797 | D:5      | Found Enaext's Assorted Antiques.
  4869 | D:5      | Found a hide-covered altar of Uskayaw.
  4905 | D:5      | Found a staircase to the Ecumenical Temple.
  5186 | D:5      | Reached skill level 1 in Shields
  5186 | D:5      | Reached skill level 1 in Evocations
  5186 | D:5      | Reached XP level 8. HP: 36/57 MP: 8/8
  5586 | Temple   | Entered the Ecumenical Temple
  5666 | Temple   | Became a worshipper of Warmaster Okawaru
  5963 | D:5      | Found an ancient bone altar of Kikubaaqudgha.
  5984 | D:5      | Found a burning altar of Makhleb.
  6421 | D:5      | Reached skill level 5 in Dodging
  6526 | D:6      | Reached skill level 1 in Invocations
  6582 | D:6      | Reached * piety under Okawaru
  6583 | D:6      | Reached XP level 9. HP: 50/65 MP: 8/10
  7148 | D:6      | Found a shadowy altar of Dithmenos.
  7272 | D:6      | Found an ornate altar of the Wu Jian Council.
  7481 | D:6      | Reached ** piety under Okawaru
  7842 | D:6      | Found a runed translucent door.
  7843 | D:6      | Noticed Jazqba's ghost (novice HOHu)
  8102 | D:6      | Killed Jazqba's ghost
  8103 | D:6      | Reached skill level 13 in Polearms
  9035 | D:7      | Found a bloodstained altar of Trog.
  9281 | D:7      | You fall into a shaft and drop 2 floors!
  9308 | D:8      | Reached skill level 5 in Fighting
  9896 | D:8      | Reached XP level 10. HP: 74/74 MP: 12/12
 10018 | D:7      | Reached *** piety under Okawaru
 10090 | D:5      | Bought a transparent scale mail for 261 gold pieces
 10090 | D:5      | Identified the +0 scale mail "Igukiodwir" {Str-5 Dex+4}
                  | (You bought it in a shop on level 5 of the Dungeon)
 10562 | D:8      | Found a hazy altar of Hepliaklqana.
 10993 | D:9      | Reached skill level 5 in Throwing
 11345 | D:9      | Noticed Erolcha
 11357 | D:9      | Found a snail-covered altar of Cheibriados.
 11370 | D:9      | Killed Erolcha
 11370 | D:9      | Reached **** piety under Okawaru
 11735 | D:9      | Reached skill level 5 in Invocations
 12115 | D:9      | Reached skill level 5 in Evocations
 12581 | D:9      | Noticed a centaur warrior
 12862 | D:9      | Shot with an arrow by a centaur warrior

Illustrated notes

Levels and vault maps discovered:
D:1:      dpeg_arrival_round_b, layout_basic, serial_glass, glass_columns_c,
          glass_columns_a, glass_columns_a, glass_columns_a, glass_columns_a,
          glass_columns_c, glass_columns_a, glass_columns_a
D:2:      layout_rooms, hellmonk_ecumenical_altar_lost_god, minmay_crystal_room
D:3:      layout_basic, minmay_distorted, uniq_jessica
D:4:      layout_cave_pods, serial_shops, shop, gammafunk_ghost_icy
D:5:      layout_gridville, overflow_temple_1_default,
          mainiacjoe_overflow_surrounded_room, kennysheep_mini_moat,
          minmay_temple_entry_sparse_star, serial_shops, nicolae_shop_crystal
D:6:      layout_loops_ring, general_overflow_altar, amcnicky_altar_gilded,
          gammafunk_ghost_grave
D:7:      layout_basic, mainiacjoe_overflow_tiny_flanked
D:8:      layout_cave_pools, mainiacjoe_overflow_24_doors,
          hangedman_decor_diamond_cutter
D:9:      layout_loops_ring, mainiacjoe_overflow_alcove_4, uniq_erolcha
Temple:   cyrus_circular_temple

Skill      XL: |  1  2  3  4  5  6  7  8  9 10 |
---------------+-------------------------------+-----
Polearms       | 5 6 8 9 11 12 13 | 13.8
Shields        | 1 2 4 |  4.0
Evocations     | 1 2 4 5 |  5.3
Fighting       | 3 5 6 |  6.2
Throwing       | 3 4 5 |  5.8
Dodging        | 5 6 8 |  8.2
Invocations    | 2 3 5 |  5.5

Action                   |  1- 3 |  4- 6 |  7- 9 | 10-12 || total
-------------------------+-------+-------+-------+-------++-------
Melee: Trident           |    47 |    17 |   140 |   163 ||   367
       Spear             |       |   109 |   208 |       ||   317
Throw: Stone             |     6 |     4 |       |       ||    10
       Dart              |    33 |    59 |    67 |    22 ||   181
       Throwing net      |       |     3 |       |       ||     3
       Boomerang         |       |       |    22 |     1 ||    23
Invok: Heroism           |       |       |     1 |       ||     1
Evoke: Wand              |       |       |     2 |     3 ||     5
  Use: Scroll            |       |       |     7 |     1 ||     8
 Stab: Held in net/web   |       |     1 |       |       ||     1
       Paralysed         |       |       |     3 |       ||     3
Armor: Leather armour    |     6 |    16 |    47 |       ||    69
       Scale mail        |       |       |       |    15 ||    15
       Steam dragon scal |       |       |       |     5 ||     5
Dodge: Dodged            |    13 |    35 |   100 |    56 ||   204
Block: Buckler           |       |     7 |    38 |    32 ||    77
